 Dungeon Crawl Stone Soup version 0.15-a0-193-gf781f13 (webtiles) character file.

453 PolkaDot the Vexing (level 6, -2/38 (41) HPs)
             Began as a Vampire Enchanter on Apr 22, 2014.
             Was an Initiate of Ashenzari.
             Slain by a goliath beetle (9 damage)
             ... on Level 4 of the Dungeon.
             The game lasted 00:10:17 (3392 turns).

PolkaDot the Vexing (Vampire Enchanter)             Turns: 3392, Time: 00:10:17

HP  -2/38 (41)   AC  3     Str  7      XL: 6   Next: 11%
MP   2/10        EV 13     Int 17      God: Ashenzari [......]
Gold 160         SH  0     Dex 17 (18) Spells:  3 memorised,  3 levels left

rFire  x . .     SeeInvis +     r - +0 cutlass (curse)
rCold  + + +     Clarity  .     b - +1 robe (curse)
rNeg   + + +     Conserve .     (no shield)
rPois  +         rCorr    .     (no helmet)
rElec  .         rRot     +     (no cloak)
SustAb . .       Spirit   .     (no gloves)
rMut   .         Warding  .     (no boots)
Saprov . . .     Stasis   .     (no amulet)
MR     .....                    h - cursed +2 ring of dexterity
                                j - cursed ring of ice

@: regenerating slowly, not resistant to hostile enchantments, stealthy
A: bottle blood, fangs 3, see invisible, unbreathing
a: Bat Form, Bottle Blood, Renounce Religion


You were on level 4 of the Dungeon.
You worshipped Ashenzari.
Ashenzari was noncommittal.
You were near bloodless.

You visited 1 branch of the dungeon, and saw 4 of its levels.

You collected 160 gold pieces.

Inventory:

Hand weapons
 r - a cursed +0,+0 cutlass (weapon)
Missiles
 d - 12 darts (quivered)
Armour
 b - a cursed +1 robe (worn)
Scrolls
 e - 3 scrolls of teleportation {unknown}
 f - 4 scrolls of fear {unknown}
 g - a scroll of noise {unknown}
 i - 4 scrolls of identify {unknown}
 m - a scroll of enchant weapon I {unknown}
 n - 2 scrolls of random uselessness {unknown}
 o - a scroll of enchant weapon II {unknown}
 s - 2 scrolls of curse armour
Jewellery
 h - a cursed +2 ring of dexterity (right hand)
 j - a cursed ring of ice (left hand)
Potions
 a - 2 potions of paralysis {unknown}
 p - a potion of curing
 q - a potion of haste {unknown}
Books
 c - a book of Maledictions

   Spells                             Type                      Level
   *Corona                            Hexes                        1
   Sure Blade                         Hexes/Charms                 2
   *Ensorcelled Hibernation           Hexes/Ice                    2
   *Confuse                           Hexes                        3
   Dazzling Spray                     Conjuration/Hexes            3
   Enslavement                        Hexes                        4
 l - a book of the Warp

   Spells                             Type                      Level
   Control Teleport                   Charms/Translocation         4
   Phase Shift                        Translocation                5
   Warp Weapon                        Charms/Translocation         5
   Summon Forest                      Summoning/Translocation      5
   Dispersal                          Translocation                6
   Controlled Blink                   Translocation                7
   Disjunction                        Translocation                8


   Skills:
 * Level 4.9 Short Blades
 - Level 0.7 Throwing
 - Level 2.1 Dodging
 - Level 3.0 Stealth
 - Level 2.0 Spellcasting
 + Level 6.6 Hexes
 + Level 2.2 Ice Magic


You had 3 spell levels left.
You knew the following spells:

 Your Spells              Type           Power        Failure   Level  Hunger
a - Corona                Hex            ###....      1%          1    #......
c - Confuse               Hex            ###.....     4%          3    ####...
d - Ensorcelled Hibernat  Hex/Ice        ####..       6%          2    ###....


Dungeon Overview and Level Annotations

Branches:
Dungeon (4/15)
 Temple: D:4-7

Altars:
Ashenzari
Nemelex Xobeh


Innate Abilities, Weirdness & Mutations

You heal slowly.
You can bottle blood from corpses.
You have razor-sharp teeth.*
You have supernaturally acute eyesight.
You can survive without breathing.*


Message History

Confirm with . or Enter, or press ? or * to list all spells.
Aiming: Ensorcelled Hibernation
Press: ? - help, Shift-Dir - straight line, f/p - goliath beetle
Aim: a goliath beetle (moderately wounded)
You feel a surge of power!
The goliath beetle resists with significant effort.
* * * LOW MAGIC WARNING * * *
Casting: Ensorcelled Hibernation
Confirm with . or Enter, or press ? or * to list all spells.
Aiming: Ensorcelled Hibernation
Press: ? - help, Shift-Dir - straight line, f/p - goliath beetle
Aim: a goliath beetle (moderately wounded)
You feel a surge of power!
The goliath beetle looks drowsy...
* * * LOW MAGIC WARNING * * *
You see here 15 sling bullets of frost.
The helpless goliath beetle fails to defend itself.
You puncture the goliath beetle!
The goliath beetle is severely wounded.
The goliath beetle bites you!
You die...

#####...##
..)......#########
.........B.......#
.........#######.#
.........# #.# #...
.........# #.# ##.#.##
.........# #.# #.....#
.........# #B# #.###.#
#####.#.## #@#####.###.#
#.#.########.......###.#
#.# ................#..#
#.# ########.......(#..#
#.# #..%....._..# #.#
#.......(#..#
###.##########.###..).#..#
#....................###.#
#.#.##########.###...###.#


You could see a goliath beetle.

Vanquished Creatures
  An ogre (D:4)
  An iguana (D:4)
  A worker ant (D:4)
  3 gnolls (D:2)
  5 adders
  A worm (D:2)
  2 giant geckos
  An ooze (D:3)
  6 orcs
  A ball python (D:1)
  6 bats
  A giant cockroach (D:1)
  3 hobgoblins
  13 jackals
  A quokka (D:3)
  A giant newt (D:2)
  6 goblins
  A hobgoblin skeleton (D:4)
  9 kobolds
  7 rats
70 creatures vanquished.

Notes
Turn   | Place    | Note
--------------------------------------------------------------
     0 | D:1      | PolkaDot, the Vampire Enchanter, began the quest for the Orb.
     0 | D:1      | Reached XP level 1. HP: 13/13 MP: 3/3
   445 | D:1      | Reached XP level 2. HP: 7/19 MP: 1/4
   461 | D:1      | Learned a level 2 spell: Ensorcelled Hibernation
  1038 | D:2      | Reached XP level 3. HP: 20/24 MP: 0/6
  1052 | D:2      | Learned a level 3 spell: Confuse
  1162 | D:2      | Reached skill level 5 in Hexes
  1537 | D:2      | Found a sparkling altar of Nemelex Xobeh.
  1810 | D:2      | Reached XP level 4. HP: 30/30 MP: 7/7
  2390 | D:3      | Reached skill level 1 in Ice Magic
  2585 | D:3      | HP: 1/27 [orc/glowing flail (6)]
  2811 | D:3      | Reached XP level 5. HP: 26/32 MP: 6/9
  2837 | D:3      | Reached skill level 6 in Hexes
  3133 | D:4      | Noticed an ogre
  3140 | D:4      | Killed an ogre
  3282 | D:4      | Found a shattered altar of Ashenzari.
  3284 | D:4      | Reached XP level 6. HP: 38/38 MP: 7/10
  3294 | D:4      | Became a worshipper of Ashenzari the Shackled
  3392 | D:4      | Slain by a goliath beetle

Action                   |  1- 3 |  4- 6 || total
-------------------------+-------+-------++-------
Melee: Dagger            |   131 |    65 ||   196
       Cutlass           |       |    12 ||    12
 Cast: Corona            |     3 |       ||     3
       Ensorcelled Hiber |    13 |    29 ||    42
  Use: Potion            |     5 |     3 ||     8
       Scroll            |       |     4 ||     4
 Stab: Sleeping          |    10 |    26 ||    36
       Invisible         |     2 |     1 ||     3
       Distracted        |       |     1 ||     1
